Map: Cañón atribulado

Players

joeviben

  • Race: Protoss Protoss
  • Spawn Location: 3:00

Obama

  • Race: Zerg Zerg
  • Spawn Location: 12:00

jmac

  • Race: Protoss Protoss
  • Spawn Location: 12:00

TATORREA - Winner!

  • Race: Protoss Protoss
  • League: Silver
  • Spawn Location: 6:00

tigro - Winner!

  • Race: Terran Terran
  • League: Bronze
  • Spawn Location: 7:00

MrFercho - Winner!

  • Race: Zerg Zerg
  • League: Silver
  • Spawn Location: 6:00

VOD

Have the link to the VOD?

Description

Time

  • Played on: June 5, 2020, 10:04 p.m.
  • Length: 0:44
Show
View Real Time Build Order
Export as new Build Order

joeviben Protoss 

Build Orders:  

Get SALT Encoding   

  12  0:03  Probe (Chrono Boost)  
  13  0:17  Pylon  
Show
View Real Time Build Order
Export as new Build Order

Obama Zerg 

Build Orders:  

Get SALT Encoding   

  12  0:10  Drone  
  12  0:14  Overlord  
  13  0:19  Drone  
Show
View Real Time Build Order
Export as new Build Order

jmac Protoss 

Build Orders:  

Get SALT Encoding   

  12  0:11  Pylon  
Show
View Real Time Build Order
Export as new Build Order

TATORREA Protoss - Winner!

Build Orders:  

Get SALT Encoding   

  12  0:01  Probe  
  13  0:22  Probe  
  14  0:37  Pylon  
Show
View Real Time Build Order
Export as new Build Order

tigro Terran - Winner!

Build Orders:  

Get SALT Encoding   

  12  0:03  SCV  
  13  0:15  SCV  
  14  0:28  SCV  
  15  0:30  Supply Depot  
Show
View Real Time Build Order
Export as new Build Order

MrFercho Zerg - Winner!

Build Orders:  

Get SALT Encoding   

  12  0:01  Drone  
  13  0:08  Drone  
  14  0:29  Extractor  
  14  0:30  Extractor, Drone  
  14  0:31  Drone  
Tags
 
Add a new tag
Caveats
  • Supply blocks, unpowered buildings, or Contaminate may cause inaccurate times.
  • Supply counts are checked every 10 seconds.